[ AOE2 MATCH · #464544843 ]
Team RMBulgarians vs Bohemians
[ REPLAY ANALYSIS · EXTRACTED FROM THE RECORDED GAME ]
Feudal
10:47
Castle
15:16
Imperial
35:01
| APM avg | 26.8 |
| APM peak | 66 |
| eAPM avg | 20.4 |
| Villagers / military | 118 / 228 |
Focus
⚔️ 36.6% · 🌾 63.4%
Konnik ×102 · Scout Cavalry ×86 · Militia ×30 · Trebuchet (Packed) ×8 · Spearman ×2
Feudal
10:56
Castle
15:11
Imperial
38:05
| APM avg | 33.4 |
| APM peak | 57 |
| eAPM avg | 26.3 |
| Villagers / military | 181 / 560 |
Focus
⚔️ 39.9% · 🌾 60.1%
Serjeant ×527 · Battering Ram ×31 · Monk ×1 · Mangonel ×1
Feudal
10:31
Castle
16:16
Imperial
37:56
| APM avg | 70.4 |
| APM peak | 96 |
| eAPM avg | 29.6 |
| Villagers / military | 225 / 345 |
Focus
⚔️ 37.6% · 🌾 62.4%
Spearman ×237 · Archer ×77 · Bombard Cannon ×18 · Monk ×7 · Militia ×3 · Knight ×2
Feudal
8:53
Castle
13:02
Imperial
34:59
| APM avg | 32.3 |
| APM peak | 83 |
| eAPM avg | 19.6 |
| Villagers / military | 141 / 265 |
Focus
⚔️ 44.6% · 🌾 55.4%
Shrivamsha Rider ×121 · Chakram Thrower ×54 · Camel Scout ×40 · Scout Cavalry ×24 · Scorpion ×15 · Armored Elephant ×6
Match map
Initial resources + every placement click. Lines = walls · curves = elevation contours. ◆ gold · ⬟ stone · ● berries · ✦ relic · ◌ wall gap
Your base· ✓ Closed at 15:16 · 0t walls · 3 gate(s)
Burger King's base· ✓ Closed at 15:11 · 0t walls · 3 gate(s)
weakfarmer's base· ✓ Closed at 16:16 · 0t walls · 2 gate(s)
MisterDome's base· ✓ Closed at 13:02 · 0t walls · 3 gate(s)
Smoothed initial terrain · ◌ = detected wall gap · hover for details
Inputs per minute
— FearlessHyena2 - - Burger King
Build order — FearlessHyena2
First 150 of 555 actions detected
| 0:01 | Create | Villager (Male) |
| 0:01 | Create | Villager (Male) |
| 0:02 | Build | House |
| 0:04 | Build | House |
| 0:16 | Create | Villager (Male) |
| 0:16 | Create | Villager (Male) |
| 0:16 | Create | Villager (Male) |
| 1:25 | Create | Villager (Male) |
| 1:25 | Create | Villager (Male) |
| 1:25 | Create | Villager (Male) |
| 2:17 | Build | Lumber Camp |
| 2:20 | Create | Villager (Male) |
| 2:21 | Create | Villager (Male) |
| 2:42 | Create | Villager (Male) |
| 2:42 | Create | Villager (Male) |
| 3:14 | Build | House |
| 3:31 | Create | Villager (Male) |
| 3:34 | Create | Villager (Male) |
| 3:56 | Create | Villager (Male) |
| 3:56 | Create | Villager (Male) |
| 3:56 | Create | Villager (Male) |
| 4:19 | Create | Villager (Male) |
| 4:47 | Create | Villager (Male) |
| 4:47 | Create | Villager (Male) |
| 5:05 | Create | Villager (Male) |
| 5:05 | Create | Villager (Male) |
| 5:05 | Create | Villager (Male) |
| 5:36 | Create | Villager (Male) |
| 6:16 | Build | House |
| 6:24 | Create | Villager (Male) |
| 6:53 | Build | Mill |
| 7:47 | Create | Villager (Male) |
| 7:50 | Build | Mining Camp |
| 8:05 | Create | Villager (Male) |
| 8:08 | Research | Feudal Age |
| 8:40 | Build | House |
| 9:49 | Create | Villager (Male) |
| 9:49 | Create | Villager (Male) |
| 10:02 | Build | Farm |
| 10:04 | Build | Farm |
| 10:05 | Build | Farm |
| 10:47 | Age | Feudal Age |
| 10:48 | Build | Blacksmith |
| 11:03 | Build | Market |
| 11:34 | Research | Loom |
| 12:23 | Create | Villager (Male) |
| 12:36 | Research | Castle Age |
| 12:36 | Research | Castle Age |
| 12:53 | Build | House |
| 13:22 | Build | Barracks |
| 13:35 | Build | Farm |
| 13:36 | Build | Farm |
| 13:59 | Build | Barracks |
| 14:10 | Research | Scale Mail Armor |
| 14:10 | Research | Scale Mail Armor |
| 14:10 | Research | Scale Mail Armor |
| 14:17 | Build | Farm |
| 14:20 | Create | Militia |
| 14:20 | Create | Militia |
| 14:28 | Create | Militia |
| 14:28 | Create | Militia |
| 14:42 | Create | Villager (Male) |
| 15:00 | Create | Militia |
| 15:01 | Create | Militia |
| 15:16 | Age | Castle Age |
| 15:21 | Build | Stone Wall |
| 15:27 | Create | Villager (Male) |
| 15:35 | Build | Mining Camp |
| 15:47 | Build | Gate |
| 15:54 | Create | Villager (Male) |
| 16:24 | Research | Double-Bit Axe |
| 16:24 | Research | Double-Bit Axe |
| 16:41 | Create | Militia |
| 17:10 | Build | Stone Wall |
| 17:16 | Build | Stone Wall |
| 17:19 | Create | Villager (Male) |
| 17:23 | Build | Town Center |
| 17:26 | Build | House |
| 17:27 | Build | House |
| 17:52 | Create | Militia |
| 17:52 | Create | Militia |
| 18:08 | Create | Villager (Male) |
| 18:27 | Build | Town Center |
| 18:42 | Create | Militia |
| 18:54 | Create | Villager (Male) |
| 20:01 | Create | Villager (Male) |
| 20:20 | Build | Krepost |
| 21:16 | Create | Villager (Male) |
| 21:17 | Create | Villager (Male) |
| 21:37 | Build | Farm |
| 21:38 | Build | Farm |
| 21:40 | Build | Farm |
| 21:51 | Build | Krepost |
| 22:00 | Create | Villager (Male) |
| 22:00 | Create | Villager (Male) |
| 22:04 | Build | Farm |
| 22:05 | Build | Farm |
| 22:06 | Build | Farm |
| 22:07 | Build | Farm |
| 22:21 | Build | Farm |
| 22:23 | Build | Farm |
| 22:41 | Create | Villager (Male) |
| 22:42 | Create | Villager (Male) |
| 22:52 | Create | Villager (Male) |
| 22:52 | Create | Villager (Male) |
| 23:18 | Create | Villager (Male) |
| 23:18 | Create | Villager (Male) |
| 23:27 | Create | Villager (Male) |
| 23:29 | Create | Villager (Male) |
| 23:46 | Create | Militia |
| 23:46 | Create | Militia |
| 23:55 | Build | Farm |
| 23:59 | Build | Farm |
| 24:12 | Create | Villager (Male) |
| 24:13 | Create | Villager (Male) |
| 24:13 | Create | Villager (Male) |
| 24:19 | Build | Farm |
| 24:21 | Create | Villager (Male) |
| 24:21 | Create | Villager (Male) |
| 24:40 | Build | Farm |
| 24:41 | Build | Farm |
| 24:44 | Create | Villager (Male) |
| 24:45 | Create | Villager (Male) |
| 24:52 | Build | Farm |
| 24:54 | Create | Villager (Male) |
| 24:54 | Create | Villager (Male) |
| 25:09 | Research | Horse Collar |
| 25:09 | Research | Horse Collar |
| 25:09 | Research | Horse Collar |
| 25:19 | Build | House |
| 25:19 | Build | House |
| 25:22 | Build | House |
| 25:25 | Create | Villager (Male) |
| 25:25 | Create | Villager (Male) |
| 25:39 | Build | Farm |
| 25:51 | Create | Villager (Male) |
| 25:51 | Create | Villager (Male) |
| 25:52 | Create | Villager (Male) |
| 25:58 | Build | Farm |
| 26:01 | Build | Farm |
| 26:04 | Build | Farm |
| 26:16 | Create | Militia |
| 26:25 | Create | Villager (Male) |
| 26:25 | Create | Villager (Male) |
| 26:31 | Build | Farm |
| 26:37 | Create | Villager (Male) |
| 26:37 | Create | Villager (Male) |
| 26:45 | Build | Farm |
| 26:51 | Create | Villager (Male) |
| 26:58 | Create | Villager (Male) |
Build order — Burger King
First 150 of 719 actions detected
| 0:00 | Create | Villager (Male) ×4 |
| 0:04 | Build | House |
| 0:05 | Build | House |
| 1:24 | Create | Villager (Male) |
| 2:04 | Create | Villager (Male) |
| 2:04 | Create | Villager (Male) |
| 2:10 | Build | Lumber Camp |
| 2:28 | Create | Villager (Male) |
| 2:29 | Create | Villager (Male) |
| 2:36 | Create | Villager (Male) |
| 3:09 | Build | House |
| 3:21 | Create | Villager (Male) |
| 3:34 | Create | Villager (Male) |
| 3:51 | Create | Villager (Male) |
| 4:18 | Create | Villager (Male) |
| 4:48 | Create | Villager (Male) |
| 5:04 | Create | Villager (Male) |
| 5:22 | Create | Villager (Male) |
| 5:44 | Create | Villager (Male) |
| 5:54 | Build | House |
| 6:09 | Build | Mill |
| 6:20 | Create | Villager (Male) |
| 6:20 | Create | Villager (Male) |
| 7:01 | Create | Villager (Male) |
| 7:05 | Build | Farm |
| 7:21 | Build | Farm |
| 7:25 | Create | Villager (Male) |
| 7:36 | Build | Mining Camp |
| 7:59 | Create | Villager (Male) |
| 8:05 | Build | House |
| 8:19 | Create | Villager (Male) |
| 8:23 | Research | Feudal Age |
| 9:18 | Create | Villager (Male) |
| 9:18 | Create | Villager (Male) |
| 9:26 | Build | Farm |
| 9:29 | Build | Farm |
| 10:56 | Age | Feudal Age |
| 11:03 | Build | Market |
| 11:07 | Build | Blacksmith |
| 11:40 | Build | Farm |
| 12:03 | Research | Loom |
| 12:31 | Research | Castle Age |
| 12:32 | Research | Castle Age |
| 12:43 | Create | Villager (Male) |
| 12:52 | Build | Farm |
| 12:53 | Build | Farm |
| 12:54 | Build | Farm |
| 13:24 | Create | Villager (Male) |
| 13:42 | Build | Donjon |
| 13:44 | Create | Villager (Male) |
| 13:53 | Build | Mining Camp |
| 13:56 | Create | Villager (Male) |
| 14:18 | Research | Double-Bit Axe |
| 14:20 | Research | Horse Collar |
| 14:55 | Create | Villager (Male) |
| 15:02 | Create | Serjeant |
| 15:10 | Research | Scale Mail Armor |
| 15:11 | Age | Castle Age |
| 15:23 | Build | Lumber Camp |
| 15:25 | Create | Serjeant |
| 15:42 | Build | House |
| 15:43 | Build | House |
| 15:47 | Create | Villager (Male) |
| 15:49 | Research | Wheelbarrow |
| 15:53 | Create | Serjeant |
| 15:59 | Create | Villager (Male) |
| 16:04 | Build | Farm |
| 16:04 | Create | Villager (Male) |
| 16:22 | Create | Villager (Male) |
| 16:40 | Build | Mining Camp |
| 17:12 | Create | Villager (Male) |
| 17:15 | Build | Farm |
| 17:18 | Build | Farm |
| 17:20 | Create | Villager (Male) |
| 17:29 | Create | Serjeant |
| 17:40 | Create | Villager (Male) |
| 18:15 | Build | Barracks |
| 18:18 | Create | Villager (Male) |
| 18:28 | Build | House |
| 18:32 | Create | Villager (Male) |
| 18:34 | Create | Serjeant |
| 18:44 | Build | Monastery |
| 18:46 | Create | Villager (Male) |
| 18:57 | Research | Forging |
| 19:04 | Research | Gambesons |
| 19:07 | Research | Arson |
| 19:14 | Build | Farm |
| 19:15 | Build | Farm |
| 19:19 | Create | Serjeant |
| 19:37 | Create | Monk |
| 19:39 | Create | Villager (Male) |
| 19:51 | Build | Donjon |
| 19:58 | Build | Donjon |
| 20:08 | Create | Villager (Male) |
| 20:37 | Create | Serjeant |
| 20:37 | Create | Serjeant |
| 20:42 | Build | Donjon |
| 21:23 | Create | Serjeant |
| 21:29 | Create | Villager (Male) |
| 21:33 | Create | Villager (Male) |
| 21:37 | Build | Town Center |
| 21:58 | Create | Serjeant |
| 22:03 | Build | House |
| 22:05 | Build | House |
| 22:06 | Create | Villager (Male) |
| 22:06 | Create | Villager (Male) |
| 22:14 | Build | Town Center |
| 22:17 | Create | Villager (Male) |
| 22:17 | Create | Villager (Male) |
| 22:30 | Create | Serjeant |
| 22:30 | Create | Serjeant |
| 22:40 | Create | Villager (Male) |
| 22:41 | Create | Villager (Male) |
| 23:03 | Build | House |
| 23:13 | Create | Villager (Male) |
| 23:15 | Create | Villager (Male) |
| 23:16 | Create | Villager (Male) |
| 23:20 | Research | Bow Saw |
| 23:23 | Create | Serjeant |
| 23:39 | Build | Siege Workshop |
| 23:42 | Create | Villager (Male) |
| 23:44 | Create | Villager (Male) |
| 23:51 | Build | Farm |
| 23:57 | Build | Farm |
| 24:03 | Create | Villager (Male) |
| 24:03 | Create | Villager (Male) |
| 24:09 | Build | Farm |
| 24:12 | Create | Villager (Male) |
| 24:13 | Create | Villager (Male) |
| 24:13 | Create | Villager (Male) |
| 24:22 | Create | Mangonel |
| 24:29 | Create | Serjeant |
| 24:29 | Create | Serjeant |
| 24:34 | Build | Farm |
| 24:35 | Build | Farm |
| 24:38 | Build | Farm |
| 24:38 | Build | Farm |
| 24:41 | Create | Villager (Male) |
| 24:58 | Create | Battering Ram |
| 25:00 | Create | Villager (Male) |
| 25:02 | Create | Villager (Male) |
| 25:02 | Create | Villager (Male) |
| 25:23 | Create | Villager (Male) |
| 25:23 | Create | Villager (Male) |
| 25:27 | Create | Villager (Male) |
| 25:30 | Build | Farm |
| 25:31 | Create | Villager (Male) |
| 25:39 | Create | Villager (Male) |
| 25:53 | Create | Villager (Male) |
| 26:00 | Build | Town Center |
Build order — weakfarmer
First 150 of 700 actions detected
| 0:01 | Create | Villager (Male) |
| 0:01 | Create | Villager (Male) |
| 0:02 | Build | House |
| 0:04 | Build | House |
| 0:09 | Create | Villager (Male) |
| 0:28 | Create | Villager (Male) |
| 1:23 | Create | Villager (Male) |
| 1:48 | Build | Lumber Camp |
| 1:58 | Create | Villager (Male) |
| 2:07 | Create | Villager (Male) |
| 2:33 | Create | Villager (Male) |
| 3:11 | Create | Villager (Male) |
| 3:27 | Build | House |
| 3:27 | Build | House |
| 3:36 | Create | Villager (Male) |
| 3:56 | Create | Villager (Male) |
| 4:22 | Build | Mill |
| 4:31 | Create | Villager (Male) |
| 4:34 | Build | House |
| 4:52 | Create | Villager (Male) |
| 5:11 | Create | Villager (Male) |
| 5:29 | Create | Villager (Male) |
| 5:46 | Create | Villager (Male) |
| 5:54 | Create | Villager (Male) |
| 6:16 | Create | Villager (Male) |
| 6:54 | Create | Villager (Male) |
| 7:03 | Create | Villager (Male) |
| 7:11 | Build | Farm |
| 7:12 | Build | Farm |
| 7:26 | Build | Farm |
| 8:05 | Build | Mining Camp |
| 8:15 | Research | Feudal Age |
| 8:57 | Build | House |
| 9:11 | Build | Barracks |
| 9:16 | Create | Villager (Male) |
| 9:32 | Create | Villager (Male) |
| 10:30 | Create | Villager (Male) |
| 10:31 | Age | Feudal Age |
| 10:40 | Build | Blacksmith |
| 10:41 | Build | Archery Range |
| 10:48 | Create | Villager (Male) |
| 10:52 | Create | Villager (Male) |
| 12:08 | Build | Archery Range |
| 12:24 | Build | Farm |
| 12:33 | Create | Spearman |
| 12:38 | Create | Archer |
| 12:50 | Create | Archer |
| 12:50 | Create | Archer |
| 13:14 | Create | Archer ×4 |
| 13:32 | Create | Spearman |
| 13:36 | Research | Castle Age |
| 13:44 | Build | House |
| 13:50 | Create | Spearman |
| 14:16 | Create | Archer |
| 14:17 | Create | Archer |
| 14:17 | Create | Archer |
| 14:20 | Create | Villager (Male) |
| 14:22 | Create | Spearman |
| 14:25 | Build | House |
| 14:57 | Build | House |
| 15:13 | Create | Villager (Male) |
| 15:35 | Create | Spearman |
| 15:36 | Create | Spearman |
| 15:39 | Build | Stable |
| 16:06 | Build | Farm |
| 16:07 | Build | Farm |
| 16:08 | Create | Villager (Male) |
| 16:16 | Create | Villager (Male) |
| 16:16 | Age | Castle Age |
| 16:45 | Create | Knight |
| 16:55 | Create | Villager (Male) |
| 17:07 | Build | Monastery |
| 17:10 | Create | Villager (Male) |
| 17:14 | Create | Villager (Male) |
| 17:37 | Create | Villager (Male) |
| 17:58 | Research | Fervor |
| 17:59 | Create | Monk |
| 17:59 | Create | Monk |
| 18:02 | Build | House |
| 18:04 | Build | House |
| 18:15 | Build | Siege Workshop |
| 19:02 | Create | Knight |
| 19:11 | Create | Mangonel |
| 20:19 | Build | Town Center |
| 20:48 | Build | Gate |
| 20:56 | Build | House |
| 20:56 | Build | House |
| 21:15 | Build | Farm |
| 21:16 | Build | Farm |
| 21:20 | Build | Farm |
| 21:21 | Build | Farm |
| 21:22 | Build | Farm |
| 21:24 | Build | Farm |
| 21:28 | Create | Villager (Male) |
| 21:28 | Create | Villager (Male) |
| 21:29 | Create | Villager (Male) |
| 21:43 | Create | Villager (Male) |
| 22:04 | Build | Farm |
| 22:07 | Research | Double-Bit Axe |
| 22:07 | Research | Double-Bit Axe |
| 22:18 | Create | Villager (Male) |
| 22:18 | Create | Villager (Male) |
| 22:21 | Create | Villager (Male) |
| 22:52 | Build | House |
| 22:53 | Create | Villager (Male) |
| 22:57 | Create | Villager (Male) |
| 23:11 | Create | Villager (Male) |
| 23:14 | Build | Farm |
| 23:16 | Build | Farm |
| 23:18 | Research | Horse Collar |
| 23:27 | Create | Villager (Male) |
| 23:30 | Build | House |
| 23:49 | Create | Villager (Male) |
| 23:54 | Build | Town Center |
| 23:57 | Create | Villager (Male) |
| 24:08 | Create | Monk |
| 24:21 | Create | Villager (Male) |
| 24:21 | Create | Villager (Male) |
| 24:24 | Build | House |
| 24:25 | Create | Villager (Male) |
| 24:36 | Research | Bow Saw |
| 24:55 | Create | Villager (Male) |
| 24:55 | Create | Villager (Male) |
| 25:12 | Build | House |
| 25:17 | Create | Villager (Male) |
| 25:26 | Create | Villager (Male) |
| 25:44 | Create | Villager (Male) |
| 25:48 | Build | House |
| 26:33 | Build | Farm |
| 26:35 | Build | Farm |
| 26:36 | Build | Farm |
| 26:37 | Build | Farm |
| 26:37 | Build | Farm |
| 26:39 | Create | Villager (Male) |
| 26:48 | Create | Villager (Male) |
| 26:49 | Create | Villager (Male) |
| 26:49 | Create | Villager (Male) |
| 26:53 | Build | Town Center |
| 26:57 | Build | Lumber Camp |
| 26:59 | Build | House |
| 27:00 | Build | House |
| 27:01 | Create | Villager (Male) |
| 27:01 | Create | Villager (Male) |
| 27:05 | Research | Heavy Plow |
| 27:05 | Research | Heavy Plow |
| 27:06 | Create | Villager (Male) |
| 27:06 | Create | Villager (Male) |
| 27:06 | Create | Villager (Male) |
| 27:19 | Create | Villager (Male) |
| 27:19 | Create | Villager (Male) |
Build order — MisterDome
First 150 of 613 actions detected
| 0:01 | Create | Villager (Male) |
| 0:01 | Create | Villager (Male) |
| 0:01 | Create | Villager (Male) |
| 0:03 | Build | House |
| 0:05 | Build | House |
| 0:11 | Create | Villager (Male) |
| 0:11 | Create | Villager (Male) |
| 1:18 | Build | Mill |
| 1:40 | Create | Villager (Male) |
| 1:40 | Create | Villager (Male) |
| 1:46 | Build | House |
| 1:47 | Build | House |
| 2:09 | Create | Villager (Male) |
| 2:24 | Create | Villager (Male) |
| 2:24 | Create | Villager (Male) |
| 2:47 | Create | Villager (Male) |
| 2:47 | Create | Villager (Male) |
| 3:23 | Create | Villager (Male) |
| 3:23 | Create | Villager (Male) |
| 4:08 | Create | Villager (Male) |
| 4:08 | Create | Villager (Male) |
| 4:08 | Create | Villager (Male) |
| 4:18 | Build | Lumber Camp |
| 4:51 | Create | Villager (Male) |
| 4:52 | Create | Villager (Male) |
| 5:00 | Create | Villager (Male) |
| 5:11 | Create | Villager (Male) |
| 5:58 | Create | Villager (Male) |
| 6:43 | Research | Feudal Age |
| 8:53 | Age | Feudal Age |
| 8:57 | Create | Villager (Male) |
| 8:57 | Create | Villager (Male) |
| 9:00 | Build | Blacksmith |
| 9:10 | Build | Market |
| 9:15 | Create | Villager (Male) |
| 10:22 | Research | Castle Age |
| 10:22 | Research | Castle Age |
| 10:56 | Build | Mining Camp |
| 11:11 | Build | House |
| 11:43 | Create | Villager (Male) |
| 11:49 | Build | House |
| 13:02 | Age | Castle Age |
| 13:05 | Build | Siege Workshop |
| 13:08 | Build | Siege Workshop |
| 13:17 | Create | Villager (Male) |
| 13:48 | Create | Villager (Male) |
| 13:56 | Create | Armored Elephant |
| 13:57 | Create | Scorpion |
| 14:06 | Create | Armored Elephant |
| 14:13 | Build | House |
| 14:32 | Create | Armored Elephant |
| 14:40 | Create | Scorpion |
| 14:57 | Create | Scorpion |
| 14:58 | Create | Villager (Male) |
| 14:59 | Create | Villager (Male) |
| 14:59 | Create | Villager (Male) |
| 15:17 | Create | Villager (Male) |
| 15:56 | Create | Scorpion |
| 15:57 | Create | Villager (Male) |
| 15:57 | Create | Villager (Male) |
| 16:06 | Build | Farm |
| 16:06 | Build | Farm |
| 16:34 | Build | Farm |
| 16:47 | Create | Armored Elephant |
| 16:47 | Create | Armored Elephant |
| 17:09 | Build | Farm |
| 17:13 | Build | Farm |
| 17:24 | Build | House |
| 17:36 | Create | Armored Elephant |
| 17:56 | Build | Farm |
| 18:03 | Create | Villager (Male) |
| 18:03 | Create | Villager (Male) |
| 18:17 | Create | Scorpion |
| 18:31 | Create | Villager (Male) |
| 18:31 | Create | Villager (Male) |
| 18:35 | Create | Scorpion |
| 18:59 | Create | Villager (Male) |
| 19:03 | Build | Farm |
| 19:06 | Build | Farm |
| 19:33 | Create | Villager (Male) |
| 19:33 | Create | Villager (Male) |
| 19:33 | Create | Villager (Male) |
| 19:57 | Create | Villager (Male) |
| 20:14 | Build | Farm |
| 20:23 | Build | Town Center |
| 20:26 | Create | Villager (Male) |
| 20:40 | Research | Double-Bit Axe |
| 20:55 | Build | Barracks |
| 21:10 | Build | Farm |
| 21:15 | Build | Farm |
| 21:19 | Create | Villager (Male) |
| 21:19 | Create | Villager (Male) |
| 21:25 | Create | Villager (Male) |
| 21:52 | Build | Town Center |
| 21:56 | Create | Villager (Male) |
| 21:56 | Create | Villager (Male) |
| 22:01 | Build | House |
| 22:12 | Build | Farm |
| 22:29 | Build | House |
| 23:00 | Build | Stable |
| 23:01 | Create | Villager (Male) |
| 23:01 | Create | Villager (Male) |
| 23:11 | Build | House |
| 23:14 | Create | Villager (Male) |
| 23:23 | Create | Villager (Male) |
| 23:27 | Build | House |
| 23:28 | Build | House |
| 23:31 | Build | House |
| 23:43 | Build | House |
| 23:46 | Build | House |
| 23:55 | Build | Farm |
| 24:01 | Build | Farm |
| 24:02 | Create | Camel Scout |
| 24:03 | Create | Camel Scout |
| 24:05 | Create | Villager (Male) |
| 24:09 | Build | House |
| 24:10 | Build | House |
| 24:12 | Create | Villager (Male) |
| 24:21 | Research | Scale Barding Armor |
| 24:22 | Research | Scale Barding Armor |
| 24:37 | Build | Farm |
| 24:42 | Create | Villager (Male) |
| 24:42 | Create | Villager (Male) |
| 24:43 | Create | Villager (Male) |
| 24:44 | Create | Villager (Male) |
| 24:54 | Build | Farm |
| 24:54 | Build | Farm |
| 24:54 | Build | Farm |
| 25:02 | Create | Villager (Male) |
| 25:02 | Create | Villager (Male) |
| 25:12 | Build | House |
| 25:13 | Build | House |
| 25:14 | Create | Villager (Male) |
| 25:28 | Build | Farm |
| 25:31 | Create | Villager (Male) |
| 25:31 | Create | Villager (Male) |
| 25:33 | Create | Villager (Male) |
| 25:34 | Create | Villager (Male) |
| 25:58 | Create | Villager (Male) |
| 26:01 | Build | Farm |
| 26:09 | Build | Farm |
| 26:10 | Create | Villager (Male) |
| 26:10 | Create | Villager (Male) |
| 26:22 | Create | Scout Cavalry |
| 26:22 | Create | Scout Cavalry |
| 26:35 | Create | Villager (Male) |
| 26:36 | Create | Villager (Male) |
| 26:39 | Build | Farm |
| 26:45 | Build | House |
| 26:54 | Create | Villager (Male) |
Match timeline
| 8:53 | MisterDome · age_up feudal |
| 9:11 | weakfarmer · first_building Barracks |
| 10:18 | MisterDome · first_market_sell 500 stone |
| 10:31 | weakfarmer · age_up feudal |
| 10:41 | weakfarmer · first_building Archery Range |
| 10:47 | FearlessHyena2 · age_up feudal |
| 10:56 | Burger King · age_up feudal |
| 13:02 | MisterDome · age_up castle |
| 13:05 | MisterDome · first_building Siege Workshop |
| 13:22 | FearlessHyena2 · first_building Barracks |
| 13:42 | Burger King · first_building Donjon |
| 15:11 | Burger King · age_up castle |
| 15:16 | FearlessHyena2 · age_up castle |
| 15:21 | FearlessHyena2 · wall_segment Stone Wall x15 |
| 15:39 | weakfarmer · first_building Stable |
| 16:16 | weakfarmer · age_up castle |
| 17:07 | weakfarmer · first_building Monastery |
| 17:10 | FearlessHyena2 · wall_segment Stone Wall x6 |
| 17:16 | FearlessHyena2 · wall_segment Stone Wall x2 |
| 17:26 | Burger King · first_market_sell 100 food |
| 18:02 | MisterDome · first_market_buy 100 food |
| 18:15 | Burger King · first_building Barracks |
| 18:15 | weakfarmer · first_building Siege Workshop |
| 18:44 | Burger King · first_building Monastery |
| 20:10 | FearlessHyena2 · first_market_buy 100 wood |
| 20:20 | FearlessHyena2 · first_building Krepost |
| 20:55 | MisterDome · first_building Barracks |
| 23:00 | MisterDome · first_building Stable |
| 23:39 | Burger King · first_building Siege Workshop |
| 28:25 | MisterDome · first_building Monastery |
| 28:52 | FearlessHyena2 · first_building Castle |
| 29:42 | MisterDome · first_building Castle |
| 30:26 | FearlessHyena2 · first_market_sell 100 stone |
| 33:29 | weakfarmer · first_building Castle |
| 34:59 | MisterDome · age_up imperial |
| 35:01 | FearlessHyena2 · age_up imperial |
| 35:19 | Burger King · first_market_buy 500 stone |
| 35:33 | Burger King · first_building Castle |
| 37:56 | weakfarmer · age_up imperial |
| 38:05 | Burger King · age_up imperial |
| 42:13 | FearlessHyena2 · first_building Siege Workshop |
| 44:20 | FearlessHyena2 · first_building Stable |
| 45:59 | weakfarmer · wall_segment Stone Wall x11 |
| 56:11 | FearlessHyena2 · resign |
[ AI ANALYSIS · 1 CREDIT ]
What really happened in this match?
Wolo.gg analyzes every decision: build order, eco, micro, common mistakes by bracket. Personalized analysis on WhatsApp or Discord in 30 seconds.
Civ guide
Bulgarians
Map guide
Arena
Perfil
FearlessHyena2